 Dungeon Crawl Stone Soup version 0.23.2-1-ga50397a (webtiles) character file.

Game seed: 18101193444833333657

508 Lickle the Distorting Demonspawn (level 6, -6/49 HPs)
             Began as a Demonspawn Abyssal Knight on Apr 29, 2019.
             Was a Believer of Lugonu.
             Killed by divine providence
             ... invoked by an orc priest
              (8 damage)
             ... on level 5 of the Dungeon.
             The game lasted 00:09:48 (4099 turns).

Lickle the Distorting Demonspawn (DsAK)             Turns: 4099, Time: 00:09:49

Health: -6/49      AC: 10    Str: 14    XL:     6   Next: 98%
Magic:  9/9        EV: 10    Int: 13    God:    Lugonu [**....]
Gold:   168        SH:  7    Dex: 13    Spells: 5/5 levels left

rFire    + + .     SeeInvis .   m - +1 short sword (venom)
rCold    x . .     Gourm    .   n - +0 shield
rNeg     . . .     Faith    .   e - +2 robe
rPois    .         Spirit   .   d - +1 helmet
rElec    .         Reflect  .   (no cloak)
rCorr    .         Harm     .   f - +1 pair of gloves
MR       .....                  (no boots)
Stlth    +.........             (no amulet)
HPRegen  0.16/turn              h - ring of fire
MPRegen  0.11/turn              l - ring of the Louse {rF+ AC+2}

@: no status effects
A: talons 2, spiny 1
a: Depart the Abyss, Bend Space, Renounce Religion


You were on level 5 of the Dungeon.
You worshipped Lugonu.
Lugonu was pleased with you.
You were not hungry.

You visited 1 branch of the dungeon, and saw 5 of its levels.
You visited the Abyss 1 time.

You collected 168 gold pieces.

Inventory:

Hand Weapons
 m - a +1 short sword of venom (weapon)
Armour
 d - a +1 helmet (worn)
 e - a +2 robe (worn)
 f - a +1 pair of gloves (worn)
 n - a +0 shield (worn)
Jewellery
 h - a ring of fire (left hand)
 l - the ring of the Louse (right hand) {rF+ AC+2}
   (You found it on level 5 of the Dungeon)

   [ring of protection]

   It affects your AC (+2).
   It protects you from fire.
Scrolls
 b - 2 scrolls of teleportation
 i - a scroll of amnesia
 o - a scroll of remove curse
Potions
 g - a potion of cancellation
 j - a potion of might
Comestibles
 c - 4 rations


   Skills:
 + Level 4.6 Fighting
   Level 2.3 Long Blades
 + Level 3.6 Armour
 + Level 3.1 Dodging
 + Level 5.1 Invocations


You had 5 spell levels left.
You didn't know any spells.
Your spell library was empty.

Dungeon Overview and Level Annotations

Branches:
Dungeon (5/15)
 Temple: D:4-7

Altars:
Ashenzari


Innate Abilities, Weirdness & Mutations

You have razor-sharp toenails.
You are partially covered in sharp spines.


Message History

The orc priest is struck by your spines.
The orc priest hits you but does no damage.
You are too injured to fight recklessly!
You are too injured to fight recklessly!
You hit the orc priest but do no damage.
The orc priest is poisoned.
You claw the orc priest, but do no damage.
The orc priest is moderately wounded.
The iguana barely misses you.
The orc priest is struck by your spines.
The orc priest hits you with a +0 short sword.
You hit the orc priest.
The orc priest is almost dead.
The iguana bites you!
* * * LOW HITPOINT WARNING * * *
The orc priest hits you with a +0 short sword.
* * * LOW HITPOINT WARNING * * *
The orc priest invokes the aid of Beogh against you.
Beogh smites you!
You die...

**,,** #)..# **,,** ##..##
*,,** ###### ##...# ,,**
#....## ##...## ,,*
*##.....## ##..### .,*
###.###..#.#### ##.###
..#####....*##.#....####..#
..........**#.#.l)..##....#
.........####..[@..##....##
..........##..)o..#..#..##
....###.....[..^.#....#.#
##..###.................#
#..###.)...............#
##..#.†..........###...#
#..#....######### ##.[#
#.._...## #..# ##).#...#
#..#


You could see an iguana and an orc priest.

Vanquished Creatures
  2 sky beasts (D:5)
  A crimson imp (D:5)
  2 orc priests (D:5)
  An orc wizard (D:3)
  A bullfrog skeleton (D:5)
  Jessica (D:2)
  A worker ant (D:5)
  4 gnolls (D:3)
  An adder (D:2)
  A worm (D:2)
  3 dart slugs
  A leopard gecko (D:1)
  6 orcs
  3 bats
  A giant cockroach (D:5)
  5 goblins
  3 hobgoblins
  9 jackals
  2 quokkas (D:3)
  7 frilled lizards
  A giant cockroach zombie (D:5)
  10 kobolds
  5 rats
71 creatures vanquished.

Notes
Turn   | Place    | Note
-------+----------+-------------------------------------------
     0 | Abyss:1  | Lickle the Demonspawn Abyssal Knight began the quest for
                  | the Orb.
     0 | Abyss:1  | Reached XP level 1. HP: 18/18 MP: 2/2
    31 | Abyss:1  | Noticed a large abomination
    38 | Abyss:1  | Noticed a hellwing
    46 | D:1      | Escaped the Abyss
   161 | D:1      | Reached skill level 1 in Dodging
   229 | D:1      | Gained mutation: You are partially covered in sharp spines.
                  | [demonic ancestry]
   229 | D:1      | Reached XP level 2. HP: 11/24 MP: 4/4
   425 | D:1      | Reached * piety under Lugonu
  1344 | D:2      | Noticed Jessica
  1349 | D:2      | Reached XP level 3. HP: 29/29 MP: 5/5
  1363 | D:2      | Killed Jessica
  1363 | D:2      | Reached skill level 3 in Invocations
  1733 | D:2      | Gained mutation: You have sharp toenails. [demonic
                  | ancestry]
  1733 | D:2      | Reached XP level 4. HP: 35/35 MP: 6/6
  2830 | D:3      | Reached XP level 5. HP: 35/42 MP: 7/7
  2969 | D:3      | Found a faded altar of an unknown god.
  3380 | D:5      | Entered Level 5 of the Dungeon
  3386 | D:5      | Reached skill level 4 in Invocations
  3530 | D:5      | Found a shattered altar of Ashenzari.
  3543 | D:5      | Noticed a sky beast
  3568 | D:5      | Reached ** piety under Lugonu
  3594 | D:5      | Killed a sky beast
  3594 | D:5      | Gained mutation: You have razor-sharp toenails. [demonic
                  | ancestry]
  3594 | D:5      | Reached XP level 6. HP: 34/48 MP: 9/9
  3757 | D:5      | Noticed a sky beast
  3767 | D:5      | Killed a sky beast
  3767 | D:5      | Reached skill level 5 in Invocations
  3773 | D:5      | Got a faintly glowing lapis lazuli ring
  3836 | D:5      | Identified the ring of the Louse {rF+ AC+2} (You found it
                  | on level 5 of the Dungeon)
  4099 | D:5      | HP: 2/49 [orc priest/+0 short sword (6)]
  4099 | D:5      | Killed from afar by an orc priest

Skill      XL: |  1  2  3  4  5  6 |
---------------+-------------------+-----
Dodging        | 1 2 3 |  3.1
Long Blades    | 2 |  2.3
Armour         | 2 3 |  3.6
Invocations    | 3 4 5 |  5.1
Fighting       | 4 |  4.6

Action                   |  1- 3 |  4- 6 || total
-------------------------+-------+-------++-------
Melee: Falchion          |    61 |     9 ||    70
       Short sword       |       |    97 ||    97
       Kick              |       |    31 ||    31
Invok: Depart the Abyss  |     1 |       ||     1
  Use: Potion            |     4 |     3 ||     7
       Scroll            |     1 |    11 ||    12
 Stab: Sleeping          |     1 |       ||     1
  Eat: Chunk             |     2 |     1 ||     3
       Ration            |       |     3 ||     3
Armor: Leather armour    |    10 |       ||    10
       Robe              |       |    29 ||    29
Dodge: Dodged            |    38 |    28 ||    66
Block: Shield            |       |    32 ||    32
       Rpst.: Falchion   |     8 |       ||     8
